 Dungeon Crawl Stone Soup version 0.28.0 (webtiles) character file.

Game seed: 5976518771750670539

16 lonewolfV2 the Skirmisher (level 2, 0/24 HPs)
             Began as a Demonspawn Fighter on Feb 10, 2022.
             Succumbed to Terence's poison
             ... on level 2 of the Dungeon.
             The game lasted 00:00:46 (1121 turns).

lonewolfV2 the Skirmisher (Demonspawn Fighter)      Turns: 1121, Time: 00:00:47

Health: 0/24       AC:  6    Str: 16    XL:     2   Next: 41%
Magic:  2/2        EV:  8    Int:  9    God:
Gold:   40         SH:  4    Dex: 12    Spells: 1/1 levels left

rFire   . . .      SeeInvis .   a - +0 war axe
rCold   . . .      Faith    .   c - +0 buckler
rNeg    . . .      Spirit   .   b - +0 scale mail
rPois   .          Reflect  .   (no helmet)
rElec   .          Harm     .   (no cloak)
rCorr   .          Rampage  .   (no gloves)
Will    .....                   (no boots)
Stlth   ..........              (no amulet)
HPRegen 0.08/turn               (no ring)
MPRegen 0.08/turn               (no ring)

@: mighty, lethally poisoned (0 -> -13)
A: claws 1
a: no special abilities


You were on level 2 of the Dungeon.
You visited 1 branch of the dungeon, and saw 2 of its levels.

You collected 40 gold pieces.

Inventory:

Hand Weapons
 a - a +0 war axe (weapon)
Armour
 b - a +0 scale mail (worn)
 c - a +0 buckler (worn)
Scrolls
 e - a scroll of identify {unknown}


   Skills:
 + Level 3.2 Fighting
 + Level 2.0 Axes
 + Level 2.8 Armour
 + Level 2.9 Shields


You had one spell level left.
You didn't know any spells.
Your spell library was empty.

Dungeon Overview and Level Annotations

Branches:
Dungeon (2/15)

Altars:

Annotations:
D:2 Terence


Innate Abilities, Weirdness & Mutations

You have sharp fingernails.


Message History

Done exploring.
Done exploring.
Done exploring.
There is a stone staircase leading down here.
You climb downwards.
Found a stone staircase leading up.
There is a stone staircase leading up here.
A ball python comes into view.
The ball python hisses angrily.
A ball python is nearby!
A ball python is nearby!
You block the ball python's attack. The ball python closely misses you.
You block the ball python's attack. The ball python grabs you.
The ball python constricts you.
You slash the ball python!
You kill the ball python!
You see here a ball python corpse.
Terence the Incautious comes into view.
He is wielding a +2 short sword of venom.
Terence shouts!
Terence is nearby!
Terence is nearby!
Terence is nearby!
Found a glowing dagger.
You see here 9 gold pieces.
Terence hits you with a +2 short sword of venom.
You are poisoned.
You hit Terence but do no damage.
You feel very sick. Terence hits you but does no damage.
You are lethally poisoned!
You slash Terence!
Terence is heavily wounded.
You feel very sick.
Terence shouts, "DIE!!!"
Terence hits you with a +2 short sword of venom.
* * * LOW HITPOINT WARNING * * *
Terence hits you with a +2 short sword of venom.
* * * LOW HITPOINT WARNING * * *
You feel very mighty all of a sudden.
You die...

#. #.. .##
#..##. .## ..
#..#.. ..###.#
....###.....#
#.#.....# ..#
#.#.....##..#
#...........#
###$#.#..###.###
#@.#..†# ...
#@#.##.###.#
#.#.###...# #.#
# ##.####.###
#.# #.<.<.....
#.# ######.###
.). .#.


You could see Terence.

Vanquished Creatures
  A dart slug (D:1)
  A bat (D:1)
  An endoplasm (D:1)
  2 giant cockroaches (D:1)
  A hobgoblin (D:1)
  A quokka (D:1)
  2 ball pythons
  A frilled lizard (D:1)
  2 goblins (D:1)
  A kobold (D:1)
  A rat (D:1)
14 creatures vanquished.

Notes
Turn   | Place    | Note
-------+----------+-------------------------------------------
     0 | D:1      | lonewolfV2 the Demonspawn Fighter began the quest for the
                  | Orb.
     0 | D:1      | Reached XP level 1. HP: 18/18 MP: 1/1
    75 | D:1      | Found a faded altar of an unknown god.
   435 | D:1      | Gained mutation: You have sharp fingernails. [demonic
                  | ancestry]
   435 | D:1      | Reached XP level 2. HP: 21/24 MP: 2/2
  1115 | D:2      | Noticed Terence
  1121 | D:2      | Succumbed to Terence's poison

Illustrated notes

Levels and vault maps discovered:
D:1:      matt_arrival_spirals, layout_loops_cross, ebering_ecumenical_altar_box
D:2:      layout_loops_ring, uniq_jessica, uniq_crazy_yiuf_cottage,
          uniq_terence, uniq_sigmund

Skill      XL: |  1  2 |
---------------+-------+-----
Axes           | 2 |  2.0
Fighting       | |  3.2
Armour         | |  2.8
Shields        | |  2.9

Action                   || total
-------------------------++-------
Melee: War axe           ||    38
  Use: Scroll            ||     4
       Potion            ||     1
Armor: Scale mail        ||    20
Dodge: Dodged            ||    11
Block: Buckler           ||    12
